 Dungeon Crawl Stone Soup version 0.27-a0-1513-g2aaa0cc67b (webtiles) character file.

Game seed: 2768721223238706366

32 blackman the Chopper (level 3, 0/30 HPs)
             Began as a Human Monk on July 9, 2021.
             Succumbed to an adder's poison
             ... on level 2 of the Dungeon.
             The game lasted 00:02:37 (1699 turns).

blackman the Chopper (Human Monk)                   Turns: 1699, Time: 00:02:37

Health: 0/30       AC:  2    Str: 12    XL:     3   Next: 45%
Magic:  3/3        EV: 13    Int: 10    God:
Gold:   26         SH:  0    Dex: 15    Spells: 2/2 levels left

rFire    . . .     SeeInvis .   a - +0 hand axe
rCold    . . .     Faith    .   (no shield)
rNeg     . . .     Spirit   .   b - +0 robe
rPois    .         Reflect  .   (no helmet)
rElec    .         Harm     .   (no cloak)
rCorr    .         Rampage  .   (no gloves)
Will     .....                  (no boots)
Stlth    ++........             (no amulet)
HPRegen  0.10/turn              (no ring)
MPRegen  0.08/turn              (no ring)

@: lethally poisoned (0 -> -10), attractive
A: no striking features
a: no special abilities


You were on level 2 of the Dungeon.
You visited 1 branch of the dungeon, and saw 2 of its levels.

You collected 26 gold pieces.

Inventory:

Hand Weapons
 a - a +0 hand axe (weapon)
 f - a +1 dagger of flaming
Armour
 b - a +0 robe (worn)
Wands
 g - a wand of iceblast (7)
 h - a wand of polymorph (7)
Scrolls
 e - a scroll of blinking {unknown}
Potions
 d - a potion of berserk rage {unknown}


   Skills:
 + Level 3.6 Fighting
 + Level 3.7 Axes
 - Level 3.0 Dodging
 - Level 2.0 Stealth


You had 2 spell levels left.
You didn't know any spells.
Your spell library was empty.

Dungeon Overview and Level Annotations

Branches:
Dungeon (2/15)

Altars:


Message History

The goblin is heavily wounded.
The goblin hits you with a +0 club.
You closely miss the goblin.
The goblin is heavily wounded.
The goblin hits you with a +0 club.
You closely miss the goblin.
The goblin is heavily wounded.
The goblin hits you but does no damage.
You barely miss the goblin.
The goblin is heavily wounded.
The goblin closely misses you.
You hit the goblin.
You kill the goblin!
You miss the adder. The adder misses you. The adder bites you.
You barely miss the adder. The adder barely misses you.
You barely miss the adder. The adder bites you.
You are poisoned.
The adder poisons you! The adder closely misses you.
You closely miss the adder.
You feel sick. The adder barely misses you.
You hit the adder but do no damage.
You feel sick. The adder completely misses you.
You barely miss the adder.
You feel sick. The adder bites you.
A kobold comes into view. It is wielding a +0 short sword.
The adder barely misses you.
You closely miss the adder.
You feel sick.
You are no longer poisoned.
The adder bites you.
You are poisoned.
The adder poisons you!
The kobold shouts!
You hit the adder.
The adder is heavily wounded.
You feel sick. The adder bites you.
* * * LOW HITPOINT WARNING * * *
You are lethally poisoned!
The adder poisons you! The adder bites you.
* * * LOW HITPOINT WARNING * * *
It was a potion of attraction.
You feel attractive to monsters.
You die...

#[. #.. ... ####
#.# #..# #.# ♣♣.#
#.# ♣.## #.#
♣♣..######S###.#
♣.........@.K..#
♣♣................
♣♣
♣..........#####..
♣.♣ ♣.............
.♣ ♣.........(....
.♣
♣♣♣♣.....<#.####..
♣♣♣♣♣....########
. ♣♣....#.........
..#.###.#######.


You could see an adder and a kobold.

Vanquished Creatures
  A gnoll (D:1)
  An adder (D:2)
  A bat (D:1)
  3 goblins
  2 quokkas (D:1)
  A ball python (D:1)
  A frilled lizard (D:1)
  A kobold (D:1)
  5 rats (D:1)
16 creatures vanquished.

Notes
Turn   | Place    | Note
-------+----------+-------------------------------------------
     0 | D:1      | blackman the Human Monk began the quest for the Orb.
     0 | D:1      | Reached XP level 1. HP: 18/18 MP: 1/1
    57 | D:1      | Reached XP level 2. HP: 13/24 MP: 2/2
  1026 | D:1      | Reached XP level 3. HP: 29/29 MP: 3/3
  1699 | D:2      | Succumbed to an adder's poison

Illustrated notes

Levels and vault maps discovered:
D:1:      dpeg_arrival_rhombus, layout_loops_corners
D:2:      layout_basic, chequers_ecumenical_altar_grove

Action                   || total
-------------------------++-------
Melee: Hand axe          ||    48
  Use: Potion            ||     1
 Stab: Sleeping          ||     4
Armor: Robe              ||     6
Dodge: Dodged            ||    25

Table legend: (Time is in decaauts)
 A = Elapsed time spent in this place.
 B = Non-inter-level travel time spent in this place.
 C = Inter-level travel time spent in this place.
 D = Time resting spent in this place.
 E = Time spent auto-exploring this place.
 F = Levels seen in this place.
 G = Mean time per level.
                   A        B        C        D        E       F      G
               +--------+--------+--------+--------+--------+-----+--------+
         Total |   1705 |   1690 |     15 |    657 |    912 |   2 |  852.5 |
       Dungeon |   1705 |   1690 |     15 |    657 |    912 |   2 |  852.5 |
               +--------+--------+--------+--------+--------+-----+--------+

Top non-repeatable levels by time:
     D:1: 1173 daAuts
     D:2: 531 daAuts
